 Dungeon Crawl Stone Soup version 0.27.1-37-g7b29ead8ac (console) character file.

Game seed: 1725787636215511129

200544 grimtooth the Fighter (level 17, -1/116 HPs)
             Began as a Demigod Fire Elementalist on Mar 27, 2023.
             Killed from afar by a starcursed mass (11 damage)
             ... with an accursed screaming
             ... on level 3 of the Abyss on Mar 29, 2023.
             The game lasted 04:53:19 (54676 turns).

grimtooth the Fighter (Demigod Fire Elementalist)  Turns: 54676, Time: 04:53:20

Health: -1/116     AC: 22    Str: 17      XL:     17   Next: 28%
Magic:  46/47      EV: 14    Int: 26 (31) God:
Gold:   2008       SH:  0    Dex: 13 (14) Spells: 15/40 levels left

rFire    + + .     SeeInvis .   l - +5 short sword {freeze, rC+++ Will- MP+9 Str+4}
rCold    + + +     Faith    .   (no shield)
rNeg     . . .     Spirit   .   k - +4 ring mail "Gadicr Bula" {rF+ Dex+4}
rPois    .         Reflect  .   e - +0 helmet
rElec    +         Harm     .   A - +2 cloak {rCorr}
rCorr    +         Rampage  .   q - +0 pair of gloves
Will     .....     Rnd*Rage +   r - +2 pair of boots {Fly}
Stlth    +.........             m - amulet of regeneration
HPRegen  0.00/turn              U - +4 ring of protection
MPRegen  0.30/turn              F - ring "Vuil" {rElec rF+}

@: about to teleport, flying, diseased, studying Ice Magic
A: high mp 1, forlorn, [berserk 1], [clumsy 2], [deformed body], [dopey 1],
[frail 2], [inability to read while threatened]
}: 1/15 runes: gossamer
a: no special abilities


You were on level 3 of the Abyss.
You visited 5 branches of the dungeon, and saw 27 of its levels.
You visited the Abyss 1 time.
You also visited: Gauntlet.

You collected 3151 gold pieces.
You spent 1143 gold pieces at shops.

Inventory:

Hand Weapons
 l - the +5 short sword "Demonbane" (weapon) {freeze, rC+++ Will- MP+9 Str+4}
   (You found it in a Gauntlet)

   It freezes those it strikes, dealing additional cold damage.
   It can also slow down cold-blooded creatures.
   Str:       It affects your strength (+4).
   rC:        It renders you almost immune to cold.
   MP:        It affects your magic capacity (+9).
   Will:      It decreases your willpower.
Missiles
 p - 6 throwing nets {=f}
 y - 97 poisoned darts (quivered)
Armour
 e - a +0 helmet (worn)
 k - the +4 ring mail "Gadicr Bula" (worn) {rF+ Dex+4}
   (You found it on level 9 of the Dungeon)

   Dex:       It affects your dexterity (+4).
   rF:        It protects you from fire.
 q - a +0 pair of gloves (worn)
 r - a +2 pair of boots of flying (worn)
 A - a +2 cloak of preservation (worn)
Jewellery
 g - a ring of see invisible
 j - the ring of Jealousy {Fly rN+ Str-2 Int+4 Slay+4}
   (You acquired it on level 9 of the Dungeon)

   [ring of slaying]

   Str:       It affects your strength (-2).
   Int:       It affects your intelligence (+4).
   Slay:      It affects your accuracy & damage with ranged weapons and melee
   (+4).
   rN:        It protects you from negative energy.
   Fly:       It grants you flight.
 m - an amulet of regeneration (around neck)
 F - the ring "Vuil" (right hand) {rElec rF+}
   (You found it on level 9 of the Dungeon)

   [ring of protection from fire]

   rF:        It protects you from fire.
   rElec:     It insulates you from electricity.
 K - a ring of poison resistance
 P - a ring of protection from cold
 U - a +4 ring of protection (left hand)
Wands
 a - a wand of flame (19)
 t - a wand of acid (1)
 u - a wand of polymorph (13)
 v - a wand of charming (14)
 z - a wand of iceblast (20)
 Q - a wand of digging (28)
 S - a wand of paralysis (17)
 V - a wand of mindburst (1)
Scrolls
 h - 2 scrolls of silence
 s - 6 scrolls of fog
 w - 3 scrolls of magic mapping
 E - a scroll of summoning
 G - 4 scrolls of vulnerability {unknown}
 H - 3 scrolls of fear
 X - 4 scrolls of teleportation
Potions
 b - a potion of cancellation {unknown}
 c - 8 potions of curing
 d - 4 potions of brilliance
 i - 4 potions of might
 n - 4 potions of ambrosia
 C - 3 potions of haste
 J - 2 potions of magic
 L - 2 potions of berserk rage
 M - a potion of invisibility
 O - 2 potions of degeneration {unknown}
 W - a potion of resistance
Miscellaneous
 I - a box of beasts


   Skills:
 - Level 12.0 Fighting
 - Level 9.0 Armour
 - Level 9.0 Dodging
 - Level 1.7 Stealth
 - Level 12.0 Spellcasting
 - Level 12.0 Conjurations
 - Level 6.0 Translocations
 - Level 12.0 Fire Magic
 - Level 12.0 Ice Magic
 + Level 4.0 Air Magic
 - Level 6.0 Earth Magic
 + Level 7.4 Evocations


You had 15 spell levels left.
You knew the following spells:

 Your Spells              Type           Power      Damage    Failure   Level
a - Foxfire               Conj/Fire      100%       2x1d9     1%          1
b - Conjure Flame         Conj/Fire      67%        6-21      1%          3
c - Freezing Cloud        Conj/Ice/Air   29%        6-21      3%          5
d - Sticky Flame          Conj/Fire      67%        2d8       1%          4
f - Fireball              Conj/Fire      33%        3d14      1%          5
g - Bolt of Magma         Conj/Fire/Erth 30%        4d14      2%          5
k - Blink                 Tloc           N/A        N/A       1%          2

Your spell library contained the following spells:

 Spells                   Type           Power      Damage    Failure   Level
 Apportation              Tloc           92%        N/A       1%          1
 Ensorcelled Hibernation  Hex/Ice        92%        N/A       1%          2
 Inner Flame              Hex/Fire       46%        N/A       1%          3
 Lesser Beckoning         Tloc           23%        N/A       1%          3
 Ozocubu's Armour         Ice            67%        N/A       1%          3
 Passwall                 Tmut/Erth      25%        N/A       2%          2
 Swiftness                Air            36%        N/A       3%          3
 Corpse Rot               Necr/Air       N/A        N/A       4%          2
 Poisonous Vapours        Pois/Air       52%        N/A       4%          2
 Summon Ice Beast         Ice/Summ       46%        N/A       4%          4
 Slow                     Hex            15%        N/A       9%          2
 Sublimation of Blood     Necr           7%         N/A       9%          2
 Irradiate                Conj/Tmut      23%        3d21      14%         5
 Manifold Assault         Tloc           46%        N/A       14%         5
 Petrify                  Tmut/Erth      31%        N/A       17%         4
 Confusing Touch          Hex            15%        N/A       19%         3
 Tukima's Dance           Hex            15%        N/A       19%         3
 Vampiric Draining        Necr           7%         2d7       19%         3
 Ozocubu's Refrigeration  Ice            33%        4d11      36%         7
 Summon Mana Viper        Hex/Summ       15%        N/A       86%         5
 Invisibility             Hex            7%         N/A       100%        6
 Monstrous Menagerie      Summ           7%         N/A       100%        7


Dungeon Overview and Level Annotations

Branches:
Dungeon (14/15)            Temple (0/1) D:4            Lair (6/6) D:8
  Swamp (1/4) Lair:4       Spider (4/4) Lair:2        Slime (0/5) Lair:5
    Orc (2/2) D:9             Elf (0/3) Orc:2        Vaults (0/5) D:14
Gauntlet (visited)

Shops:
D:2 :   D:6 *   D:7 *   D:8 (   Orc:1 *?:[[   Orc:2 =(*[

Annotations:
D:3 1 runed translucent door
D:4 3 runed translucent doors, cbfl8's ghost, weakling MiDe
D:7 exclusion: oklob plant
D:11 3 runed translucent doors, Ironcache's ghost, journeyman HuWn


Innate Abilities, Weirdness & Mutations

Your attributes grow dramatically as you level up.
You have an increased reservoir of magic. (+10% MP)
You shall have no god before yourself.
[You tend to lose your temper in combat.]
[You are very clumsy. (Dex -4)]
[Armour fits poorly on your strangely shaped body.]
[You are dopey. (Int -2)]
[You are very frail. (-20% HP)]
[You sometimes lose the ability to read scrolls when taking damage.]


Message History

You feel dopey. Something feeds on your intellect!
A seven-headed hydra zombie comes into view.
An efreet comes into view.
It is wielding a +3 scimitar of flaming.
A wretched star comes into view.
Found 23 stones.
A chaos spawn comes into view.
The chaos spawn screeches!
A starcursed mass comes into view.
Found a gateway leading deeper into the Abyss.
You can read scrolls again.
The chaos spawn ululates chillingly with its many mouths.
A starcursed mass splits.
A starcursed mass splits.
The starcursed mass shrieks in your mind.
* * * LOW HITPOINT WARNING * * *
Found a war axe.
Found a gateway leading deeper into the Abyss.
You see here a +0 war axe.
A demonic crawler comes into view.
A starcursed mass comes into view.
A starcursed mass splits.
Your extra speed is starting to run out.
A starcursed mass splits.
A starcursed mass splits.
A starcursed mass splits.
Blink to where?
Press: ? - help, Dir - move target
Found a gateway leading deeper into the Abyss.
As you read the scroll of blinking, it crumbles to dust.
The wretched star pulses with an eldritch light!
As you read the scroll of fog, it crumbles to dust.
The scroll dissolves into smoke.
As you read the scroll of teleportation, it crumbles to dust.
You feel strangely unstable.
You feel the power of the Abyss delaying your translocation!
A starcursed mass splits.
You feel yourself slow down. A chorus of shrieks assaults your mind.
You die...

#.##.#.....#
###§....§#.§ .# #
#....§ .#§ §####
##.XX##..#§§§..#
#..§#.4##§§§..#
#...#.s.*§§§#.#
#...##§X#§§#X...
##.......##○X...#.
#.....§§#....>....
##....#...###.#..#
####@..##.# ###.#
#.#..§#.# ..#..#§.
##.#### .# .## #§#


You could see 4 starcursed masses.

Vanquished Creatures
  Bai Suzhen (Spider:3)
  Arachne (Spider:4)
  Rupert (Lair:6)
  A tentacled starspawn (Abyss:1)
  3 orc warlords
  3 ghost moths (Spider:4)
  6 emperor scorpions (Spider:4)
  An ironbound preserver (D:14)
  3 dire elephants
  A lorocyproca (Abyss:1)
  4 entropy weavers
  A minotaur (Gauntlet)
  3 spark wasps
  3 eleionomae (Swamp:1)
  Harold (Orc:1)
  14 hydras
  A rakshasa (Abyss:2)
  4 catoblepae
  3 centaur warriors
  2 boulder beetles
  2 death knights
  3 two-headed ogres
  2 tengu warriors (D:14)
  2 thrashing horrors
  8 death yaks (Lair:6)
  A deep elf knight (Swamp:1)
  3 orc high priests (Orc:2)
  4 spriggans (Swamp:1)
  4 slime creatures (D:14)
  A sixfirhy (Abyss:2)
  5 skeletal warriors
  A bog body (Swamp:1)
  26 wolf spiders
  2 deep elf pyromancers
  5 orc knights
  A phantasmal warrior (D:14)
  6 orc sorcerers (Orc:2)
  13 orb spiders
  4 cyclopes
  2 ugly things
  2 oklob plants (Lair:1)
  A worldbinder (Abyss:1)
  4 manticores
  4 moths of wrath
  10 black mambas
  6 elephants
  A guardian serpent (Lair:6)
  4 torpor snails
  A gargoyle (D:12)
  An orange demon (Abyss:1)
  A komodo dragon (shapeshifter) (D:13)
  2 unseen horrors
  A rime drake (Lair:1)
  20 cane toads
  13 komodo dragons
  10 demonic crawlers
  4 kobold demonologists
  A tengu conjurer (D:14)
  2 freezing wraiths
  Psyche (D:9)
  3 efreet
  2 ancient zymes (Abyss:3)
  3 hellwings (Abyss:3)
  32 jumping spiders
  8 trolls
  A wolf spider simulacrum (Gauntlet)
  10 hornets
  10 polar bears
  A tyrant leech (Lair:4)
  7 blink frogs
  A raiju (Lair:6)
  9 dream sheep
  An air elemental (Abyss:2)
  A centaur simulacrum (Gauntlet)
  6 large abominations
  78 redbacks
  6 flying skulls
  An alligator skeleton (Abyss:1)
  33 tarantellas
  2 wraiths (D:14)
  A ynoxinul (Abyss:2)
  8 basilisks
  12 small abominations
  67 yaks
  A fire bat (Abyss:1)
  A vampire (D:12)
  8 wyverns
  A chaos spawn (Abyss:1)
  A redback simulacrum (Gauntlet)
  7 swamp worms
  12 wargs
  3 acid dragons
  14 hell hounds (Lair:6)
  A hydra simulacrum (Gauntlet)
  25 water moccasins
  A sky beast (D:7)
  45 orc warriors
  14 black bears
  A necrophage (D:7)
  21 wolves
  10 ogres
  8 centaurs
  14 bullfrogs
  4 kobold brigands
  A scorpion (D:7)
  2 wyvern skeletons
  10 killer bees
  6 wights
  4 howler monkeys
  6 electric eels
  A lava snake (Lair:6)
  4 crimson imps (D:6)
  2 quasits
  5 centaur zombies
  31 orc priests
  3 gnoll shamans
  A centaur skeleton (D:6)
  3 jellies (D:7)
  A bullfrog skeleton (D:5)
  Natasha (thrice) (D:2)
  23 orc wizards
  An iguana (D:4)
  A scorpion zombie (D:5)
  A hound skeleton (D:4)
  12 gnolls
  4 adders
  2 ufetubi
  An adder skeleton (D:2)
  An adder zombie (D:2)
  2 dart slugs
  86 orcs
  6 ball pythons
  A bat skeleton (D:2)
  8 endoplasms
  2 giant cockroaches
  10 goblins
  14 hobgoblins
  3 quokkas
  2 ball python skeletons (D:2)
  7 bats
  2 frilled lizards
  A jackal skeleton (D:4)
  15 kobolds
  A quokka skeleton (D:2)
  4 rats
  2 bushes (Lair:6)
1031 creatures vanquished.

Vanquished Creatures (collateral kills)
  2 orb spiders (Spider:1)
  3 jumping spiders (Spider:1)
  6 foxfires
11 creatures vanquished.

Vanquished Creatures (others)
  A cyclops (D:14)
  A redback (Spider:2)
  An orc priest (Orc:2)
  3 orcs (Orc:2)
  A bush (Lair:6)
  1283 foxfires
  47 fungi
  84 plants
  14 toadstools (D:7)
  5 withered plants (D:2)
1440 creatures vanquished.

Grand Total: 2482 creatures vanquished

Notes
Turn   | Place    | Note
-------+----------+-------------------------------------------
     0 | D:1      | grimtooth the Demigod Fire Elementalist began the quest for
                  | the Orb.
     0 | D:1      | Reached XP level 1. HP: 14/14 MP: 5/5
   630 | D:1      | Reached XP level 2. HP: 20/20 MP: 2/7
  1440 | D:2      | Noticed Natasha
  1456 | D:2      | Killed Natasha
  1457 | D:2      | Reached XP level 3. HP: 21/26 MP: 1/8
  1486 | D:2      | Noticed Natasha
  1503 | D:2      | Killed Natasha
  1604 | D:2      | Reached XP level 4. HP: 33/33 MP: 5/9
  1762 | D:2      | Noticed Natasha
  1850 | D:2      | Killed Natasha
  1851 | D:2      | Reached skill level 5 in Fire Magic
  2369 | D:2      | Found Foun's Book Boutique.
  2872 | D:3      | Noticed a human
  2873 | D:3      | Found a runed translucent door.
  3333 | D:3      | Reached XP level 5. HP: 38/38 MP: 6/10
  3578 | D:4      | Learned a level 3 spell: Conjure Flame
  4112 | D:4      | Found a staircase to the Ecumenical Temple.
  4315 | D:4      | Found a runed translucent gate.
  4315 | D:4      | Found a runed translucent gate.
  4352 | D:4      | Found a runed translucent gate.
  4355 | D:4      | Noticed cbfl8's ghost (weakling MiDe)
  4598 | D:5      | Entered Level 5 of the Dungeon
  4651 | D:5      | Noticed an ogre
  4696 | D:5      | Reached skill level 1 in Conjurations
  4729 | D:5      | Noticed an ogre
  4751 | D:5      | Killed an ogre
  4752 | D:5      | Reached XP level 6. HP: 45/45 MP: 3/12
  5772 | D:6      | Found Lappab's Assorted Antiques.
  5777 | D:6      | Bought a purple potion for 26 gold pieces
  5777 | D:6      | Bought a scroll labelled QOCAEVUGGY for 29 gold pieces
  5777 | D:6      | Bought a scroll of identify for 58 gold pieces
  5857 | D:6      | Reached XP level 7. HP: 50/50 MP: 6/14
  5870 | D:6      | Learned a level 4 spell: Sticky Flame
  6953 | D:7      | Found Gozag's Platinum Reserve.
  7186 | D:7      | Reached skill level 5 in Conjurations
  7749 | D:7      | Reached XP level 8. HP: 56/57 MP: 6/16
  8459 | D:7      | Noticed an oklob plant
  8868 | D:8      | Found Yfitzise's Weapon Shop.
  9181 | D:8      | Reached XP level 9. HP: 39/62 MP: 2/18
  9287 | D:8      | Learned a level 5 spell: Fireball
  9719 | D:8      | Found a staircase to the Lair.
  9970 | D:9      | Noticed Psyche
  9976 | D:9      | Killed Psyche
  9977 | D:9      | Reached skill level 5 in Spellcasting
 10044 | D:9      | Identified the ring "Vuil" {rElec rF+}
 11008 | D:9      | Found a staircase to the Orcish Mines.
 11381 | D:10     | Entered Level 10 of the Dungeon
 11988 | D:10     | Reached XP level 10. HP: 51/69 MP: 2/22
 12077 | D:10     | Reached skill level 1 in Fighting
 13178 | Lair:1   | Entered Level 1 of the Lair of Beasts
 13268 | D:9      | Identified the +4 ring mail "Gadicr Bula" {rF+ Dex+4}
 13384 | Lair:1   | Reached skill level 10 in Fire Magic
 13527 | Lair:1   | Noticed an oklob plant
 13566 | Lair:1   | Reached skill level 5 in Fighting
 14154 | Lair:1   | Reached XP level 11. HP: 51/89 MP: 14/24
 14563 | Lair:1   | Reached skill level 1 in Armour
 14563 | Lair:1   | Reached skill level 10 in Conjurations
 15102 | Lair:2   | Noticed a catoblepas
 15130 | Lair:2   | Noticed a five-headed hydra
 15153 | Lair:1   | Killed a five-headed hydra
 15601 | Lair:2   | Reached skill level 5 in Armour
 15749 | Lair:2   | Found a hole to the Spider Nest.
 17315 | Lair:2   | Killed a catoblepas
 18011 | Lair:2   | Reached XP level 12. HP: 97/97 MP: 10/25
 19256 | Lair:3   | Noticed a four-headed hydra
 19293 | Lair:3   | Killed a four-headed hydra
 20755 | Lair:4   | Noticed an eight-headed hydra
 20773 | Lair:4   | Killed an eight-headed hydra
 21044 | Lair:4   | Noticed a seven-headed hydra
 21069 | Lair:4   | Killed a seven-headed hydra
 21397 | Lair:4   | Found a staircase to the Swamp.
 21621 | Lair:5   | Noticed a catoblepas
 21639 | Lair:5   | Killed a catoblepas
 22571 | Lair:5   | Reached XP level 13. HP: 102/111 MP: 18/30
 23217 | Lair:5   | Reached skill level 5 in Dodging
 23432 | Lair:5   | Found a staircase to the Slime Pits.
 23692 | Lair:6   | Entered Level 6 of the Lair of Beasts
 23849 | Lair:6   | Reached skill level 1 in Evocations
 25063 | Lair:6   | Reached skill level 5 in Evocations
 25423 | Lair:6   | Noticed Rupert
 25441 | Lair:6   | Killed Rupert
 26145 | Lair:6   | Reached skill level 10 in Fighting
 27477 | Lair:6   | Reached XP level 14. HP: 44/124 MP: 8/31
 30911 | Orc:1    | Entered Level 1 of the Orcish Mines
 30992 | Orc:1    | Found Xaam's Magic Scroll Emporium.
 30993 | Orc:1    | Found Wehunaith's Antique Armour Boutique.
 31009 | Orc:1    | Bought a scroll of teleportation for 39 gold pieces
 31009 | Orc:1    | Bought a scroll of identify for 26 gold pieces
 31009 | Orc:1    | Identified 2 scrolls of acquirement
 31139 | Orc:1    | Found Tiymol's General Store.
 31142 | Orc:1    | Bought a scroll of identify for 20 gold pieces
 31240 | Orc:1    | Found Afym Null's Book Emporium.
 31306 | Orc:1    | Reached skill level 10 in Spellcasting
 31309 | Orc:1    | Noticed an orc warlord
 31355 | Orc:1    | Killed an orc warlord
 31548 | Orc:1    | Noticed Harold
 31577 | Orc:1    | Killed Harold
 32262 | Orc:1    | Noticed an orc warlord
 32289 | Orc:1    | Killed an orc warlord
 32397 | Orc:1    | Found Koddagah's Armour Emporium.
 32759 | D:9      | Acquired the ring of Jealousy {Fly rN+ Str-2 Int+4 Slay+4}
 32793 | Orc:2    | Entered Level 2 of the Orcish Mines
 33065 | Orc:2    | Found a gate leading to a gauntlet.
 33095 | Gauntlet | Entered a Gauntlet
 33095 | Gauntlet | Found a transporter.
 33104 | Gauntlet | Found a transporter.
 33105 | Gauntlet | Found a transporter.
 33119 | Gauntlet | Found a transporter.
 33121 | Gauntlet | Found a transporter.
 33126 | Gauntlet | Noticed a balrug
 33130 | Gauntlet | Found a runed translucent door.
 33133 | Gauntlet | Found a transporter.
 33147 | Gauntlet | Found a transporter.
 33152 | Gauntlet | Found a transporter.
 33169 | Gauntlet | Found a transporter.
 33176 | Gauntlet | Found a transporter.
 33200 | Gauntlet | Found a transporter.
 33200 | Gauntlet | Found a transporter.
 33229 | Gauntlet | Found a transporter.
 33236 | Gauntlet | Found a transporter.
 33302 | Gauntlet | Identified the ring "Ruutire" {rN+ Will++ MP+9 Str-4 Int+2}
 33308 | Gauntlet | - thats a pleasant surprise
 33354 | Gauntlet | - i think i have to go for the manual
 33395 | Gauntlet | Identified the +5 short sword "Demonbane" {freeze, rC+++
                  | Will- MP+9 Str+4}
 33397 | Gauntlet | - and this is an improvement
 33673 | Gauntlet | Identified the +3 plate armour of Minor Irritation {rF++
                  | Will- Str+2 Slay+2}
 33675 | Gauntlet | - hey just the book i was gonna go get
 33679 | Gauntlet | Learned a level 2 spell: Blink
 34083 | Orc:2    | Paralysed by an orc sorcerer for 6 turns
 34534 | Orc:2    | Reached skill level 1 in Translocations
 35019 | Orc:2    | Noticed an orc warlord
 35803 | Orc:2    | Killed an orc warlord
 36584 | Orc:2    | Found a staircase to the Elven Halls.
 36684 | Orc:2    | Paralysed by an orc sorcerer for 7 turns
 36968 | Orc:2    | Found Taisutur's General Store.
 36969 | Orc:2    | Found Qankirib's Jewellery Emporium.
 36971 | Orc:2    | Found Inogilu's Antique Armour Shoppe.
 36971 | Orc:2    | Found Bummut's Antique Weapon Shoppe.
 37284 | Orc:2    | Bought a potion of curing for 30 gold pieces
 37284 | Orc:2    | Bought a scroll of identify for 20 gold pieces
 37284 | Orc:2    | Bought a potion of curing for 30 gold pieces
 37524 | D:2      | Bought a book of Vapours for 240 gold pieces
 37524 | D:2      | Bought Ozocubu's Autobiography for 240 gold pieces
 37630 | D:6      | Bought a dented golden amulet for 145 gold pieces
 37853 | D:11     | Reached skill level 1 in Ice Magic
 38282 | D:11     | Found a runed translucent gate.
 38283 | D:11     | Found a runed translucent gate.
 38284 | D:11     | Found a runed translucent gate.
 38284 | D:11     | Noticed Ironcache's ghost (journeyman HuWn)
 38729 | D:12     | Reached skill level 5 in Translocations
 38840 | D:12     | Reached XP level 15. HP: 132/132 MP: 33/33
 39080 | D:12     | Reached skill level 5 in Ice Magic
 40116 | D:13     | - oh i forgot magmag
 40403 | D:2      | Bought the Disquisition on Confrontation for 240 gold
                  | pieces
 40409 | D:2      | Learned a level 5 spell: Bolt of Magma
 43208 | D:14     | Found a gate to the Vaults.
 44326 | Spider:1 | Entered Level 1 of the Spider Nest
 44332 | Spider:1 | - what a bullshit teleport
 44411 | Spider:1 | Reached skill level 10 in Ice Magic
 44713 | Spider:1 | Reached skill level 1 in Earth Magic
 45660 | Spider:1 | Reached XP level 16. HP: 138/139 MP: 27/35
 47013 | Spider:2 | Reached skill level 5 in Earth Magic
 47750 | Spider:3 | Noticed Bai Suzhen
 47773 | Spider:3 | Killed Bai Suzhen
 47963 | Spider:3 | Got the Disquisition on the Enthralling Compass
 48760 | Spider:4 | Entered Level 4 of the Spider Nest
 49626 | Spider:4 | Noticed Arachne
 49653 | Spider:4 | Killed Arachne
 51862 | Spider:4 | Got a gossamer rune of Zot
 52418 | D:14     | Learned a level 5 spell: Freezing Cloud
 52649 | Swamp:1  | Entered Level 1 of the Swamp
 52773 | Swamp:1  | Reached XP level 17. HP: 127/146 MP: 32/38
 53110 | Swamp:1  | Reached skill level 1 in Air Magic
 53417 | Swamp:1  | Cast into level 1 of the Abyss (spriggan)
 54131 | Abyss:2  | Paralysed by an air elemental for 1 turns
 54134 | Abyss:2  | Paralysed by an air elemental for 1 turns
 54610 | Abyss:3  | - i feel like i have killed a lot of dudes
 54676 | Abyss:3  | Killed from afar by a starcursed mass

Illustrated notes #≈..♣.#©#..©###©#©#..... ####..P..#.#.##....#.###### #≈≈..♣PP.#.#z##...)#.#..... #≈..P.P..#.#zz.....#.#..### ####..♣PPP♣.#.#########.#.#.^. #≈≈.........#.#.......#©#.#^©# #≈..#########.#..P♣...###.#.#? ##...#.......#.#.P.PP....#.#.#) ##≈.∩.#.####..#.#.#≈#≈#...#..^#. ##≈≈...#.#...#.#.#.≈≈≈≈≈...###### #≈≈≈♣.©#Y#.©.#§#@#.#≈#≈#P♣....... ##≈≈...#.#...#.#.#.≈≈≈≈≈...###### ##≈.∩.#..####.#.#.#≈#≈#P..##Y##Y ##...#.......#.#.PPP.P...#Y#.Y# #≈..#########.#...♣...###.#.#. #≈≈.........#.#.......#©##.#©. ####..♣P..♣.#.#########.#.##.# #≈..PPPP.#.#t#....t#.##..## #≈≈..♣PP.#.#.#.###(#.#.##.. ####..P..#.#.###b^"#.###### #≈..♣.#©#...©..©#©#..... Turn 33308 on Gauntlet: - thats a pleasant surprise #≈..P.P..#.#zz.....#.#..### ####..♣PPP♣.#.#########.#.#.^. #≈≈.........#.#.......#©#.#^©# #≈..#########.#..P♣...###.#.#? ##...#.......#.#.P.PP....#.#.#) ##≈.∩.#.####..#.#.#≈#≈#...#..^#. ##≈≈...#.#...#.#.#.≈≈≈≈≈...###### #≈≈≈♣.©#Y#.©.#©#©#.#≈#≈#P♣....... ##≈≈...#.#...#.#.#.≈≈≈≈≈...###### ##≈.∩.#..####.#.#.#≈#≈#P..##Y##Y ##...#..9.Y..#@#.PPP.P...#Y#.Y# #≈..#########.#...♣...###.#.#. #≈≈.........#.#.......#©##.#©. ####..♣P..♣.#.#########.#.##.# #≈..PPPP.#.#b#t...t#.##..## #≈≈..♣PP.#.#b#.###(#.#.##.. ####..P..#.#.###.^"#.###### #≈..♣.#©#...©..©#©#..... #≈≈...###.###.^.#.###### ####....#.#.###.#.#....: #≈...#.#.....#.#.#### Turn 33354 on Gauntlet: - i think i have to go for the manual

####...P.P♣.#.##Z...#.♣.≈#
#≈≈...P.....#..##Z.##...≈≈
#≈..♣P♣.♣.###Z..#.###...≈#
####.........#©#.##.##©#...##
#≈≈..#########.###Z#...#.♣.≈#
#≈...#.......#.##..##:[#...≈≈
####....#.#.###[#.#Z..©##[#...≈#
#≈≈...###...###.#.#########...##
#≈..♣.#©#..©###©#©#.........♣.≈#
##..P..#.#.##....#.#########...≈≈
≈..♣PP.#.#.##...@#.#t.....t#...≈#
..P.P..#.#.......#.#..####.#...##
.♣PPP♣.#.#########.#.#.^..^#.♣..#
.......#.#.......#©#.#^©####.....
########.#..P♣...###.#.#?[.#...♣.
.....9Y#.#.P.PP....#.#.#).##...P.
.####..#.#.#≈#≈#...#..^#.#©#.....
.#...#.#.#.≈≈≈≈≈...#########.....
Y#.©.#©#©#.#≈#≈#P♣............∩..
.#...#.#.#.≈≈≈≈≈...#########.....
..####.#.#.#≈#≈#P..##Y##YY##.....


Turn 33397 on Gauntlet: - and this is an improvement ≈## ≈≈##### ≈##...#######
###.♣.##....# .##......##.##. ..#.♣.##.##.... ♣.#...##....# ##..
P.#.©....##.##....# ..#...##.##....# ..#.©.##....###### ..#......##.'...@#
..#.©.##.##.###### ..#...##)...# ..#.©....##.##.. ♣.#...##.##....#
..#.♣.##....##.# .##......##.# . ###.♣.##.##... ≈##.. ### ## ≈≈## ≈## Turn 33675
on Gauntlet: - hey just the book i was gonna go get ########## #........#
#........# #........# #........# #####........# #ooo°@.......# .oooo###.[(.....#
..# ##'####### #..>..# #####.# ######'## #.<.....# #.......# #.......# #.......#
+.......# Turn 40116 on D:13: - oh i forgot magmag .>........# ##....#.....
#........... . . #........... ..#.####........... ....#..#....s......
....s..#........... #.......s..<#.... .........ss........ ...#...ss..........
........@s......... ..#....B........... .................^. ...................
................... ............... ......#........ ..#°....#...#.. Turn 44332
on Spider:1: - what a bullshit teleport #. .X ..#. .#.# ... # # .. ###.# #.. #.
#...# ##...#.#####..# #........#@.#. # . ###.....Xx#.## .. .# ##...#.#4..#..#. #
#....#.##..#....#. .##...#.#...#.##. . ......##.......# .#####..#.####.### #
#....##...# .4.. ..# x #### ###. ...# .# ..##..#.## #### . Turn 54610 on
Abyss:3: - i feel like i have killed a lot of dudes

Levels and vault maps discovered:
D:1:      lemuel_arrival_river_passageway, layout_loops_ring
D:2:      cheibrodos_greedy_goblins, layout_loops_corners, serial_shops,
          nicolae_shop_stone, serial_undead, serial_undead_c, serial_undead_a,
          serial_undead_f, serial_undead_d, ebering_ecumenical_altar_abandoned,
          minmay_surrounded, uniq_natasha
D:3:      layout_basic, dk_yredelemnul_ordeal,
          mainiacjoe_overflow_large_starburst, st_stairs_10, uniq_terence
D:4:      layout_loops_ring, mainiacjoe_overflow_six_doors_small,
          minmay_temple_entry_large_hall, ebering_ghost_gozag, minmay_hedge_maze
D:5:      layout_gridville
D:6:      layout_loops_ring, led_xom_imps, serial_shops,
          nicolae_shop_overgrown_old_shop, eino_tiny_chamber
D:7:      layout_basic, nicolae_gozag_zags_fifth_avenue, tgw_fedhas,
          lemuel_doored_altar, minivault_23, kennysheep_small_circle
D:8:      layout_loops_ring, kennysheep_little_box, lair_entry_dummy,
          serial_shops, nicolae_inconvenience_store, kennysheep_potato
D:9:      layout_grid_maze, orc_0_dummy, uniq_psyche
D:10:     layout_basic, zin_academy
D:11:     layout_layer_cave, ebering_ghost_rock_garden
D:12:     layout_loops_corners
D:13:     layout_roguey [special_room_orc]
D:14:     layout_basic, skrybe_vaults_entry_preservation, moated_statue,
          minmay_circle_x
Lair:1:   layout_cave_pods, infiniplex_staircase_pool_2, serial_bayou_shore_a,
          lemuel_fruit_tree, grunt_megastairs_2, minmay_lair_oklob_chamber
Lair:2:   layout_cave_pods, spider_nest_entry_a
Lair:3:   layout_small_grid, serial_bayou_shore_b
Lair:4:   layout_roguey, palyth_hydra_swamp_entry, minivault_23,
          serial_bayou_crossing
Lair:5:   layout_hall_layers, dpeg_slime_entry_corner, grunt_megastairs_5
Lair:6:   hangedman_lair_tendril_chambers, layout_gridlike,
          hangedman_lair_caniforms_friends, grunt_megastairs_3, uniq_rupert
Swamp:1:  layout_falls_marsh, hangedman_swamp_lotus, swamp_pool1,
          beargit_elvish_explorers
Spider:1: cheibrodos_spider_silkery
Spider:2: layout_spider_delve
Spider:3: nicolae_spider_hilbert_zone_4 [nicolae_spider_hilbert_4_sides_2_open,
          nicolae_spider_hilbert_4_sides_1_open,
          nicolae_spider_hilbert_4_sides_1_open,
          nicolae_spider_hilbert_4_sides_1_open,
          nicolae_spider_hilbert_4_sides_1_open,
          nicolae_spider_hilbert_2_sides_1_open,
          nicolae_spider_hilbert_2_sides_1_open,
          nicolae_spider_hilbert_2_sides_1_open,
          nicolae_spider_hilbert_2_sides_1_open,
          nicolae_spider_hilbert_6_sides_1_open,
          nicolae_spider_hilbert_6_sides_1_open,
          nicolae_spider_hilbert_3_sides_1_open,
          nicolae_spider_hilbert_3_sides_1_open], uniq_bai_suzhen
Spider:4: grunt_spider_rune_circles, drop_trap, guppyfry_spider_mini_2,
          uniq_arachne
Orc:1:    cheibrodos_orc_arena, layout_diamond_mine, serial_shops, shop,
          nicolae_shop_behind_doors, nicolae_shop_behind_doors, shop_statue,
          nicolae_shop_trees, uniq_harold
Orc:2:    st_orc_congregation, layout_diamond_mine, gauntlet_entry_generic,
          nicolae_orc_damp_corner
Abyss:3:  base: D:8, nicolae_abyss_rune_left_handed

Skill      XL: |  1  2  3  4  5  6  7  8  9 10 11 12 13 14 15 16 17 |
---------------+----------------------------------------------------+-----
Fire Magic     | 3 4 5 6 9 10 12 | 12.0
Conjurations   | 2 3 6 9 10 12 | 12.0
Spellcasting   | 2 3 4 6 9 10 11 12 | 12.0
Fighting       | 5 6 9 11 12 | 12.0
Armour         | 9 |  9.0
Dodging        | 3 6 9 |  9.0
Evocations     | 6 7 |  7.4
Translocations | 5 6 |  6.0
Ice Magic      | 4 11 12 | 12.0
Earth Magic    | 3 6 |  6.0
Air Magic      | 4 |  4.0
Stealth        | |  1.7

Action                   |  1- 3 |  4- 6 |  7- 9 | 10-12 | 13-15 | 16-18 || total
-------------------------+-------+-------+-------+-------+-------+-------++-------
Melee: Unarmed           |     1 |       |       |       |       |       ||     1
       Dagger            |     1 |     2 |    35 |       |       |       ||    38
       Short sword       |       |       |    62 |   281 |  1015 |   296 ||  1654
Throw: Dart              |       |       |       |    29 |   131 |    53 ||   213
 Cast: Foxfire           |    56 |   154 |   157 |    88 |   126 |   154 ||   735
       Conjure Flame     |       |     7 |    23 |    49 |    66 |     7 ||   152
       Sticky Flame      |       |       |    28 |   117 |   225 |   115 ||   485
       Fireball          |       |       |     5 |    26 |   173 |    47 ||   251
       Blink             |       |       |       |       |     5 |    15 ||    20
       Bolt of Magma     |       |       |       |       |    43 |   135 ||   178
       Freezing Cloud    |       |       |       |       |       |     2 ||     2
Evoke: Wand              |       |       |     3 |       |    28 |    15 ||    46
  Use: Scroll            |       |     5 |     1 |     1 |    15 |    12 ||    34
       Potion            |       |       |     1 |     1 |     7 |     3 ||    12
 Stab: Sleeping          |       |     1 |       |     1 |     1 |       ||     3
       Petrified         |       |       |       |     4 |       |       ||     4
       Paralysed         |       |       |       |       |       |     5 ||     5
Armor: Robe              |     4 |     4 |    28 |     8 |       |       ||    44
       Ring mail         |       |       |       |   173 |   845 |   433 ||  1451
Dodge: Dodged            |    11 |    18 |    85 |   272 |  1453 |   575 ||  2414
       Repelled          |       |       |       |       |     9 |       ||     9
